 Dungeon Crawl Stone Soup version 0.25-a0-589-g1e14c549ee (webtiles) character file.

Game seed: 7270566061511028907, levelgen mode: deterministic

72081 Flugslaktarn the Severer (level 15, -8/140 HPs)
             Began as a Deep Dwarf Fighter on Mar 10, 2020.
             Was the Champion of Makhleb.
             Mangled by an emperor scorpion (13 damage)
             ... on level 4 of the Spider Nest.
             The game lasted 00:13:43 (15886 turns).

Flugslaktarn the Severer (Deep Dwarf Fighter)      Turns: 15886, Time: 00:13:44

Health: -8/140     AC: 23    Str: 32    XL:     15   Next: 0%
Magic:  0/0        EV:  8    Int: 13    God:    Makhleb [******]
Gold:   1316       SH: 15    Dex: 15    Spells: 14/14 levels left

rFire    + . .     SeeInvis .   y - +0 war axe (vorpal)
rCold    . . .     Gourm    .   G - +1 kite shield
rNeg     + . .     Faith    .   K - +0 plate armour
rPois    .         Spirit   .   (no helmet)
rElec    .         Reflect  .   E - +0 cloak
rCorr    .         Harm     .   N - +1 pair of gloves of Wecis {Int+2}
MR       ++...                  (no boots)
Stlth    ..........             (no amulet)
HPRegen  0.00/turn              a - ring of Zin's Reproof {AC+4 Str+8 Dex+3}
MPRegen  0.07/turn              f - ring of protection from fire

@: lethally poisoned (-8 -> -8), non-regenerating, hasted, very quick
A: damage resistance, heal wounds, negative energy resistance 1, sense
surroundings 2, no regeneration
a: Heal Wounds, Minor Destruction, Lesser Servant of Makhleb, Major Destruction,
Greater Servant of Makhleb, Renounce Religion


You were on level 4 of the Spider Nest.
You worshipped Makhleb.
Makhleb was exalted by your worship.
You were not hungry.

You visited 4 branches of the dungeon, and saw 25 of its levels.
You also visited: Ossuary and Ice Cave.

You collected 1358 gold pieces.
You spent 42 gold pieces at shops.

Inventory:

Hand Weapons
 s - a +3 hand axe of venom
   (You took it off an orc on level 6 of the Dungeon)
 y - a +0 vorpal war axe (weapon)
   (You took it off a tengu warrior on level 14 of the Dungeon)
 C - a +0 hand axe of flaming
   (You took it off an orc warrior on level 7 of the Dungeon)
Missiles
 A - 5 throwing nets (quivered)
Armour
 v - a +0 pair of gloves
   (You found it on level 11 of the Dungeon)
 E - a +0 cloak (worn)
   (You found it on level 8 of the Dungeon)
 G - a +1 kite shield (worn)
 K - a +0 plate armour (worn)
   (You took it off an orc warrior on level 14 of the Dungeon)
 N - the +1 pair of gloves of Wecis (worn) {Int+2}
   (You found it in an ice cave)

   It affects your intelligence (+2).
Jewellery
 a - the ring of Zin's Reproof (left hand) {AC+4 Str+8 Dex+3}
   (You acquired it on level 3 of the Lair of Beasts)

   [ring of protection]

   It affects your AC (+4).
   It affects your strength (+8).
   It affects your dexterity (+3).
 c - an uncursed ring of protection from cold
   (You found it on level 11 of the Dungeon)
 f - a ring of protection from fire (right hand)
   (You found it on level 11 of the Dungeon)
 P - an uncursed amulet of faith {unknown}
   (You found it on level 2 of the Spider Nest)
Wands
 b - a wand of iceblast (68)
   (You found it on level 9 of the Dungeon)
 j - a wand of acid (15)
   (You took it off Harold on level 7 of the Dungeon)
 p - a wand of enslavement (19)
   (You found it on level 4 of the Dungeon)
Scrolls
 n - 3 scrolls of amnesia
 r - 8 scrolls of identify
 t - 7 scrolls of teleportation
 x - 16 scrolls of remove curse
 z - 3 scrolls of blinking
 F - 2 scrolls of summoning
 H - 4 scrolls of enchant armour
 I - a scroll of silence
 M - a scroll of noise {unknown}
Potions
 d - a potion of resistance {unknown}
 i - a potion of ambrosia
 k - 2 potions of mutation
 l - 2 potions of brilliance
 m - 4 potions of invisibility
 o - 2 potions of flight
 u - 2 potions of cancellation
 D - 7 potions of stabbing
 J - a potion of berserk rage
 L - a potion of magic
Comestibles
 e - 29 rations


   Skills:
 + Level 10.8 Fighting
 * Level 16.8 Axes
 + Level 12.5 Armour
 + Level 12.5 Shields
 + Level 12.4 Invocations


You had 14 spell levels left.
You didn't know any spells.
Your spell library was empty.

Dungeon Overview and Level Annotations

Branches:
Dungeon (15/15)            Temple (1/1) D:7            Lair (5/6) D:8
 Shoals (0/4) Lair:4       Spider (4/4) Lair:3          Orc (0/2) D:10
 Vaults (0/5) D:14         Depths (0/5) D:15        Ossuary (visited)
  IceCv (visited)
  Slime: Lair:5-6

Altars:
Ashenzari
Elyvilon
Fedhas
Gozag
Hepliaklqana
Kikubaaqudgha
Makhleb
Nemelex Xobeh
Qazlal
Ru
Sif Muna
Trog
Uskayaw
Vehumet
Wu Jian
Xom
Yredelemnul
Zin
The Shining One
Beogh

Shops:
D:5 }   D:9 *

Annotations:
D:4 2 transporters


Innate Abilities, Weirdness & Mutations

You are resistant to damage.
You can heal yourself by infusing magical energy.
You resist negative energy. (rN+)
You passively map the area around you.
You do not regenerate.


Message History

You block the emperor scorpion's attack.
The emperor scorpion claws you.
* * * LOW HITPOINT WARNING * * *
The emperor scorpion claws you but does no damage.
You hit the emperor scorpion but do no damage.
The emperor scorpion is heavily wounded.
Your plate armour prevents you from hitting the emperor scorpion.
The jumping spider is engulfed in noxious fumes.
The jumping spider appears confused.
The emperor scorpion stings you but does no damage.
You block the emperor scorpion's attack. x2
You closely miss the emperor scorpion.
The emperor scorpion is heavily wounded.
You closely miss the emperor scorpion.
The jumping spider is engulfed in noxious fumes.
The jumping spider appears confused.
You hit the emperor scorpion but do no damage.
The emperor scorpion is heavily wounded.
You closely miss the emperor scorpion. The emperor scorpion stings you!
You die...

, ** **
##.##..###^..###
, ≈
#....#..###.##
,* .^ *
#....^...#### *
*
^..,####.#.....#
*
....#..##..^...#
* * *
#......^#..#####
, .≈.^...#.s.#
## ,,* ≈
#.^..s##^.## ,,,
, ,≈
#..†##@^...#* ,*
, , ,
#...§s§.#..^.# ,
≈ , #^#§§§§.#.#
... *
#..☼#s§#....,*.
** ^,* ≈*
#..(§#^.# .#. ^
* ≈ *#.$....^.
##*.. , , , ,
#.°. ...#., . ,,
...^#. ,,, , ,
,,* *, , , ,


You could see 2 emperor scorpions, a jumping spider (confused) and a tarantella.

Vanquished Creatures
  A fire giant (D:15)
  An emperor scorpion (Spider:3)
  An entropy weaver (Spider:1)
  Snorg (D:10)
  An ogre mage (D:14)
  3 centaur warriors
  Harold (D:7)
  4 hydras
  6 two-headed ogres
  2 tengu warriors (D:14)
  Nergalle (D:12)
  A glowing orange brain (D:14)
  A deep elf archer (D:14)
  5 unseen horrors
  A wizard (D:15)
  Pikel (D:7)
  A wolf spider zombie (D:15)
  4 orb spiders
  8 wolf spiders
  2 deep elf magi
  A necromancer (IceCv)
  2 orc knights
  3 ugly things (D:15)
  A manticore (shapeshifter) (D:15)
  2 cyclopes
  2 manticores
  An ice statue (IceCv)
  5 black mambas
  Psyche (D:8)
  Joseph (D:8)
  4 spiny frogs
  3 gargoyles
  3 kobold demonologists
  A redback zombie (D:15)
  6 demonic crawlers
  10 freezing wraiths
  6 komodo dragons
  15 jumping spiders
  8 trolls
  A hornet (D:14)
  5 blink frogs (Lair:3)
  Prince Ribbit (D:7)
  3 hippogriffs
  4 slime creatures (D:15)
  A spriggan (D:7)
  27 redbacks
  13 tarantellas
  A vampire (D:11)
  2 shadows
  A water elemental (D:12)
  A steam dragon (Lair:4)
  2 wyverns
  A basilisk (Lair:3)
  11 yaks
  4 hungry ghosts
  4 vampire mosquitoes (D:13)
  2 acid dragons (Lair:4)
  3 soldier ants
  8 water moccasins
  A floating eye (D:14)
  3 porcupines (Lair:1)
  A swamp drake (Lair:4)
  9 ice beasts
  2 slaves (D:7)
  3 small abominations (D:14)
  An eye of draining (D:11)
  An alligator simulacrum (IceCv)
  9 orc warriors
  2 black bears
  6 ogres
  2 phantoms (D:8)
  8 centaurs
  3 wolves (Lair:4)
  A necrophage (D:10)
  5 crocodiles
  3 elf zombies (Ossuary)
  13 bullfrogs
  2 elf skeletons (D:4)
  A wyvern skeleton (D:7)
  3 scorpions
  A water moccasin skeleton (D:5)
  5 wights (D:15)
  2 electric eels
  8 crimson imps
  2 bullfrog zombies
  2 draconian simulacra (IceCv)
  3 human zombies
  A bullfrog skeleton (D:7)
  3 centaur zombies
  3 hounds
  4 jellies
  2 quasits
  6 centaur skeletons
  13 orc priests
  2 human skeletons (D:4)
  2 iguanas
  Jessica (D:3)
  Natasha (D:3)
  14 orc wizards
  9 worker ants
  6 troll simulacra (IceCv)
  2 polar bear simulacra (IceCv)
  A killer bee zombie (D:8)
  3 spriggan simulacra (IceCv)
  A wolf simulacrum (IceCv)
  A big kobold zombie (Ossuary)
  A centaur simulacrum (IceCv)
  A hound zombie (D:5)
  A hound skeleton (D:9)
  2 mummies (Ossuary)
  2 howler monkey zombies (D:7)
  3 ogre simulacra (IceCv)
  11 adders
  2 naga simulacra (IceCv)
  7 shadow imps
  9 white imps (IceCv)
  3 adder zombies
  An adder skeleton (D:6)
  5 worms
  A dart slug (D:2)
  6 leopard geckos
  63 orcs
  7 giant cockroaches
  5 goblins
  5 hobgoblins
  15 jackals
  3 kobolds (D:3)
  4 quokkas
  3 bats (D:2)
  A frilled lizard (D:4)
  A goblin zombie (Ossuary)
  12 hobgoblin zombies (Ossuary)
  A jackal zombie (Ossuary)
  5 kobold zombies (Ossuary)
  A leopard gecko zombie (D:5)
  12 orc zombies
  A quokka skeleton (D:5)
  3 rats
  2 fungi
  A plant (Lair:4)
593 creatures vanquished.

Vanquished Creatures (collateral kills)
  A hydra (Lair:1)
  A komodo dragon (Lair:1)
  2 freezing wraiths (IceCv)
  A porcupine (Lair:1)
  A crocodile (D:8)
  A spriggan simulacrum (IceCv)
  A centaur simulacrum (IceCv)
  A naga simulacrum (IceCv)
  3 white imps (IceCv)
12 creatures vanquished.

Vanquished Creatures (others)
  A tarantella (Spider:1)
  2 wolves (Lair:4)
3 creatures vanquished.

Grand Total: 608 creatures vanquished

Notes
Turn   | Place    | Note
-------+----------+-------------------------------------------
     0 | D:1      | Flugslaktarn the Deep Dwarf Fighter began the quest for the
                  | Orb.
     0 | D:1      | Reached XP level 1. HP: 20/20 MP: 1/1
   104 | D:2      | Reached XP level 2. HP: 20/27 MP: 2/2
   180 | D:2      | Reached skill level 3 in Axes
   180 | D:2      | Reached XP level 3. HP: 25/33 MP: 2/2
   399 | D:3      | Noticed Jessica
   399 | D:3      | Noticed Natasha
   409 | D:3      | Killed Jessica
   409 | D:3      | Reached XP level 4. HP: 33/42 MP: 3/3
   417 | D:3      | Killed Natasha
   477 | D:3      | Reached skill level 4 in Axes
   493 | D:3      | Reached XP level 5. HP: 46/49 MP: 4/4
   578 | D:4      | Found a transporter.
   713 | D:4      | Found a transporter.
   748 | D:4      | Reached XP level 6. HP: 31/57 MP: 5/5
   958 | D:4      | Reached skill level 5 in Axes
  1004 | D:4      | Found a sand-covered staircase.
  1031 | Ossuary  | Entered an ossuary
  1059 | Ossuary  | Reached XP level 7. HP: 55/64 MP: 6/6
  1105 | Ossuary  | Reached skill level 5 in Shields
  1118 | Ossuary  | Reached skill level 6 in Axes
  1118 | Ossuary  | Reached skill level 5 in Armour
  1339 | D:5      | Entered Level 5 of the Dungeon
  1482 | D:5      | Found Dateoss's Gadget Shoppe.
  1515 | D:5      | Found a glowing golden altar of the Shining One.
  1593 | D:5      | Reached XP level 8. HP: 55/73 MP: 6/6
  1643 | D:5      | Reached skill level 7 in Axes
  1884 | D:5      | Found a glowing silver altar of Zin.
  1974 | D:6      | Found a glowing drain.
  2212 | D:6      | Found a blossoming altar of Fedhas.
  2248 | D:6      | Reached skill level 5 in Fighting
  2416 | D:6      | Reached skill level 8 in Axes
  2935 | D:7      | Noticed Harold
  2942 | D:7      | HP: 1/74 [acid (8)]
  2960 | D:7      | Killed Harold
  2960 | D:7      | Reached skill level 9 in Axes
  2960 | D:7      | Gained mutation: You passively map the area around you.
                  | [Deep Dwarf growth]
  2960 | D:7      | Reached XP level 9. HP: 60/82 MP: 5/5
  3007 | D:7      | Noticed Prince Ribbit
  3023 | D:7      | Killed Prince Ribbit
  3067 | D:7      | Found a staircase to the Ecumenical Temple.
  3106 | Temple   | Entered the Ecumenical Temple
  3179 | Temple   | Became a worshipper of Makhleb the Destroyer
  3330 | D:7      | Noticed Pikel
  3341 | D:7      | Killed Pikel
  3361 | D:7      | Reached skill level 10 in Axes
  3472 | D:7      | Found a runed translucent door.
  3677 | D:8      | Noticed Psyche
  3691 | D:8      | Killed Psyche
  3691 | D:8      | Reached XP level 10. HP: 60/92 MP: 6/8
  3814 | D:7      | Reached * piety under Makhleb
  3853 | D:7      | Found a roughly hewn altar of Beogh.
  4043 | D:8      | Found a staircase to the Lair.
  4059 | D:8      | Noticed Joseph
  4073 | D:8      | Killed Joseph
  4283 | D:8      | You fall into a shaft and drop 3 floors!
  4312 | D:10     | Entered Level 10 of the Dungeon
  4345 | D:10     | Reached ** piety under Makhleb
  4366 | D:10     | Killed an unseen horror
  4366 | D:10     | Reached skill level 11 in Axes
  4465 | D:10     | Reached skill level 5 in Invocations
  5126 | D:9      | Found Xilizir's General Store.
  5130 | D:9      | Bought a potion of curing for 42 gold pieces
  5309 | D:10     | Reached XP level 11. HP: 100/100 MP: 11/11
  5492 | D:8      | Noticed a two-headed ogre
  5502 | D:8      | Killed a two-headed ogre
  5745 | D:10     | Reached *** piety under Makhleb
  5772 | D:10     | Noticed Snorg
  5791 | D:10     | Killed Snorg
  6044 | D:10     | Found a staircase to the Orcish Mines.
  6353 | D:11     | Reached skill level 12 in Axes
  6914 | D:11     | Noticed a wolf spider
  6920 | D:11     | Killed a wolf spider
  7178 | D:12     | Noticed an orc knight
  7212 | D:12     | Killed an orc knight
  7390 | D:12     | Noticed Nergalle
  7409 | D:12     | Killed Nergalle
  7749 | D:12     | Noticed a two-headed ogre
  7797 | D:12     | Killed a two-headed ogre
  8300 | D:13     | Reached XP level 12. HP: 68/111 MP: 7/7
  8386 | D:13     | Noticed a centaur warrior
  8402 | D:13     | Killed a centaur warrior
  8402 | D:13     | Reached skill level 13 in Axes
  8605 | D:13     | Reached skill level 10 in Armour
  8605 | D:13     | Reached skill level 10 in Shields
  8617 | D:13     | Reached **** piety under Makhleb
  8824 | D:14     | Noticed a tengu warrior
  8851 | D:14     | Killed a tengu warrior
  9071 | D:14     | Noticed a two-headed ogre
  9073 | D:14     | Noticed a centaur warrior
  9074 | D:14     | Noticed an ogre mage
  9075 | D:14     | Noticed a two-headed ogre
  9082 | D:14     | HP: 2/112 [orc warrior/+0 battleaxe (15)]
  9083 | D:14     | Killed a two-headed ogre
  9089 | D:14     | Killed an ogre mage
  9092 | D:14     | Killed a two-headed ogre
  9098 | D:14     | Killed a centaur warrior
  9170 | D:14     | Found a gate to the Vaults.
  9294 | D:14     | Paralysed by a hornet for 1 turns
  9407 | D:14     | Reached skill level 14 in Axes
  9409 | D:14     | Noticed a two-headed ogre
  9418 | D:14     | Killed a two-headed ogre
  9687 | D:14     | Noticed a centaur warrior
  9688 | D:14     | Noticed a tengu warrior
  9702 | D:14     | Killed a centaur warrior
  9712 | D:14     | Reached XP level 13. HP: 95/121 MP: 8/8
  9833 | D:14     | Reached ***** piety under Makhleb
  9840 | D:14     | Paralysed by a floating eye for 2 turns
  9844 | D:14     | Paralysed by a floating eye for 4 turns
 10319 | D:15     | Entered Level 15 of the Dungeon
 10347 | D:15     | Reached skill level 10 in Invocations
 10741 | D:15     | Found a staircase to the Depths.
 10741 | D:15     | Noticed a fire giant
 10812 | D:15     | Killed a fire giant
 10812 | D:15     | Reached skill level 15 in Axes
 11548 | Lair:1   | Entered Level 1 of the Lair of Beasts
 12601 | Lair:2   | Reached skill level 10 in Fighting
 12842 | Lair:2   | Gained mutation: You resist negative energy. (rN+) [Deep
                  | Dwarf growth]
 12842 | Lair:2   | Reached XP level 14. HP: 111/132 MP: 4/4
 13525 | Lair:3   | Found a hole to the Spider Nest.
 13697 | Lair:3   | Found a frozen archway.
 13737 | IceCv    | Entered an ice cave
 14009 | IceCv    | Found an ancient bone altar of Kikubaaqudgha.
 14192 | IceCv    | Got a pair of faintly glowing gloves
 14203 | IceCv    | Identified the +1 pair of gloves of Wecis {Int+2} (You
                  | found it in an ice cave)
 14299 | Lair:3   | Identified a scroll of acquirement
 14300 | Lair:3   | Identified the ring of Zin's Reproof {AC+4 Str+8 Dex+3}
                  | (You acquired it on level 3 of the Lair of Beasts)
 14612 | Lair:4   | Reached ****** piety under Makhleb
 14722 | Lair:4   | Reached skill level 16 in Axes
 14823 | Lair:4   | Found a staircase to the Shoals.
 15327 | Spider:1 | Entered Level 1 of the Spider Nest
 15396 | Spider:1 | Noticed an entropy weaver
 15419 | Spider:1 | Killed an entropy weaver
 15699 | Spider:3 | Noticed an emperor scorpion
 15738 | Spider:3 | Killed an emperor scorpion
 15771 | Spider:4 | Entered Level 4 of the Spider Nest
 15823 | Spider:4 | Noticed an emperor scorpion
 15824 | Spider:4 | Noticed an emperor scorpion
 15868 | Spider:4 | Reached XP level 15. HP: 32/140 MP: 1/1
 15882 | Spider:4 | HP: 7/140 [emperor scorpion (7)]
 15886 | Spider:4 | Mangled by an emperor scorpion

Levels and vault maps discovered:
D:1:      dpeg_arrival_connections, layout_basic
D:2:      layout_loops_ring, kennysheep_flooded_box, nicolae_ru_path_of_blood,
          uniq_sigmund, uniq_terence, uniq_crazy_yiuf_cottage
D:3:      minmay_door_path, layout_basic, uniq_robin, uniq_jessica, uniq_natasha
D:4:      gammafunk_steamed_eel, layout_rooms, nicolae_ossuary_entry_catacombs,
          first_ration
D:5:      layout_basic, zin_scriptorium, serial_shops, kennysheep_little_box,
          tso_metal_star
D:6:      layout_loops_corners, portal_sewer_entry_f, fedhas_altar_4
D:7:      layout_basic, minmay_temple_entry_proselytizer, the_bakery,
          lightli_church_of_beogh, uniq_harold, uniq_pikel, uniq_prince_ribbit1
D:8:      layout_loops_ring, dpeg_oklobed_lair, uniq_psyche, uniq_joseph
D:9:      layout_basic, serial_shops, shop
D:10:     layout_rooms, orc_0_dummy, uniq_snorg
D:11:     minmay_wavy_crystal, layout_gridville
D:12:     layout_stronghold, lightli_minifort, uniq_nergalle
D:13:     layout_basic
D:14:     cheibrodos_hippocracy, layout_basic,
          hangedman_vaults_entry_quadrant_bands
D:15:     grunt_enter_depths_giant_problem, layout_loops_ring,
          minmay_misc_feat_tiny
Temple:   compressed_dpeg_triangle_lava_temple
Lair:1:   layout_layer_cave
Lair:2:   layout_chaotic_city
Lair:3:   layout_cave_pods, nicolae_spider_entry_orb_guardian,
          portal_ice_cave_entry_pillars_2
Lair:4:   layout_loops_ring, elwin_shoals_entry_rocks, guppyfry_lair_drakes
Lair:5:   layout_long_grid, slime_altar_1, lemuel_fruit_tree,
          infiniplex_staircase_pool_2
Spider:1: layout_spider_delve, ebering_ghost_xom
Spider:2: mumra_spider_spiderweb, uniq_nikola
Spider:3: layout_spider_delve
Spider:4: grunt_spider_rune_circles, drop_trap, nicolae_spider_circle_web,
          minivault_29, uniq_arachne

Skill      XL: |  1  2  3  4  5  6  7  8  9 10 11 12 13 14 |
---------------+-------------------------------------------+-----
Axes           | 3 4 5 6 9 10 11 12 14 15 16 | 16.8
Fighting       | 3 4 5 6 7 8 9 10 | 10.8
Shields        | 4 5 6 7 8 9 10 11 12 | 12.5
Armour         | 4 5 6 7 8 9 10 11 12 | 12.5
Invocations    | 2 5 7 9 11 12 | 12.4

Action                   |  1- 3 |  4- 6 |  7- 9 | 10-12 | 13-15 || total
-------------------------+-------+-------+-------+-------+-------++-------
Melee: War axe           |    82 |   159 |   224 |       |  1042 ||  1507
       Hand axe          |       |       |   198 |   952 |    58 ||  1208
Invok: Lesser Servant of |       |       |       |       |     6 ||     6
 Abil: Heal Wounds       |     2 |     7 |    19 |    38 |    27 ||    93
Evoke: Wand              |       |       |       |     8 |    15 ||    23
  Use: Scroll            |       |       |     9 |    13 |     8 ||    30
       Potion            |       |       |       |     3 |    20 ||    23
 Stab: Distracted        |       |       |       |       |     1 ||     1
  Eat: Chunk             |       |     1 |    16 |    21 |    14 ||    52
       Ration            |       |       |       |     2 |     4 ||     6
Armor: Scale mail        |    41 |    72 |   126 |       |       ||   239
       Chain mail        |       |       |    60 |   300 |       ||   360
       Plate armour      |       |       |       |    88 |   730 ||   818
       Skin              |       |       |       |       |   143 ||   143
Dodge: Dodged            |    29 |    48 |   104 |   192 |   279 ||   652
Block: Kite shield       |    42 |    88 |   243 |   546 |   864 ||  1783

Table legend:
 A = Non-vault XP
 B = Vault XP
 C = Vault XP percentage of total XP
 D = Non-vault monster count
 E = Vault monster count
 F = Vault count percentage of total count
                 A         B        C        D         E       F
            +---------+---------+-------+---------+---------+-------
      Total |   71038 |   31936 |  31.0 |     404 |     197 |  32.8
            +---------+---------+-------+---------+---------+-------
        D:1 |       1 |       0 |   0.0 |       1 |       0 |   0.0
        D:2 |      72 |       0 |   0.0 |      17 |       0 |   0.0
        D:3 |      57 |      72 |  55.8 |      21 |       2 |   8.7
        D:4 |     247 |     278 |  53.0 |      16 |       6 |  27.3
        D:5 |     491 |       0 |   0.0 |      20 |       0 |   0.0
        D:6 |     764 |      13 |   1.7 |      25 |       6 |  19.4
        D:7 |     791 |    2734 |  77.6 |      28 |      30 |  51.7
        D:8 |    2230 |     847 |  27.5 |      24 |       2 |   7.7
        D:9 |     883 |       0 |   0.0 |      11 |       0 |   0.0
       D:10 |    2882 |    1168 |  28.8 |      23 |       1 |   4.2
       D:11 |    1546 |    1200 |  43.7 |      19 |       3 |  13.6
       D:12 |    2173 |    1503 |  40.9 |      13 |       7 |  35.0
       D:13 |    4769 |       0 |   0.0 |      16 |       0 |   0.0
       D:14 |    4556 |   13252 |  74.4 |      13 |      33 |  71.7
       D:15 |   11817 |    1862 |  13.6 |      33 |       2 |   5.7
     Lair:1 |    5016 |       0 |   0.0 |      17 |       0 |   0.0
     Lair:2 |    2979 |       0 |   0.0 |      10 |       0 |   0.0
     Lair:3 |    4771 |     623 |  11.5 |      16 |       1 |   5.9
     Lair:4 |    3082 |     469 |  13.2 |      17 |       4 |  19.0
     Lair:5 |     436 |       0 |   0.0 |       1 |       0 |   0.0
   Spider:1 |    4301 |       0 |   0.0 |      10 |       0 |   0.0
   Spider:2 |    8112 |     445 |   5.2 |      26 |       2 |   7.1
   Spider:3 |    7653 |       0 |   0.0 |      21 |       0 |   0.0
   Spider:4 |    1409 |    1179 |  45.6 |       6 |       5 |  45.5
    Ossuary |       0 |     473 | 100.0 |       0 |      39 | 100.0
      IceCv |       0 |    5818 | 100.0 |       0 |      54 | 100.0
            +---------+---------+-------+---------+---------+-------
